 Dungeon Crawl Stone Soup version 0.29-a0-330-g52719c12eb (webtiles) character file.

Game seed: 7656489681966317625

4946 Gwenloh the Geomancer (level 10, -1/60 HPs)
             Began as a Gargoyle Earth Elementalist on May 11, 2022.
             Was a Believer of Vehumet.
             Slain by a killer bee (6 damage)
             ... on level 8 of the Dungeon on May 12, 2022.
             The game lasted 00:34:14 (9791 turns).

Gwenloh the Geomancer (Gargoyle Earth Elementalist) Turns: 9791, Time: 00:34:14

Health: -1/60      AC: 11    Str: 12    XL:     10   Next: 52%
Magic:  12/21      EV: 11    Int: 20    God:    Vehumet [**....]
Gold:   558        SH:  5    Dex: 16    Spells: 8/23 levels left

rFire   . . .      SeeInvis .   h - +0 whip
rCold   + . .      Faith    .   t - +0 buckler
rNeg    + . .      Spirit   .   b - +0 robe
rPois   ∞          Reflect  .   K - +0 helmet
rElec   +          Harm     .   (no cloak)
rCorr   .          Rampage  .   (no gloves)
Will    .....                   A - +0 pair of boots {Fly}
Stlth   ++........              x - amulet of magic regeneration
HPRegen 0.20/turn               r - ring of protection from cold
MPRegen 0.57/turn               J - +6 ring of dexterity

@: flying
A: sickness immunity, AC +7, negative energy resistance 1, electricity
resistance, torment resistance 1, petrification resistance
a: Renounce Religion


You were on level 8 of the Dungeon.
You worshipped Vehumet.
Vehumet was pleased with you.
You visited 2 branches of the dungeon, and saw 10 of its levels.

You collected 581 gold pieces.
You spent 23 gold pieces at shops.

Inventory:

Hand Weapons
 g - a +0 dagger
 h - a +0 whip (weapon)
 q - a +0 flail of draining
Missiles
 a - 138 stones
 n - 8 poisoned darts (quivered)
 v - a throwing net
Armour
 b - a +0 robe (worn)
 t - a +0 buckler (worn)
 A - a +0 pair of boots of flying (worn)
 D - the +2 leather armour of Restlessness {Harm *Slow rF++ Dex+3}
   (You found it on level 6 of the Dungeon)

   Dex:       It affects your dexterity (+3).
   rF:        It greatly protects you from fire.
   *Slow:     It may slow you when you take damage.
   Harm:      It increases damage dealt and taken.
 K - a +0 helmet (worn)
Jewellery
 r - a ring of protection from cold (left hand)
 x - an amulet of magic regeneration (around neck)
 J - a +6 ring of dexterity (right hand)
 O - a ring of magical power
 P - a ring of resist corrosion
Wands
 y - a wand of paralysis (14)
 G - a wand of charming (9)
 R - a wand of iceblast (7)
Scrolls
 d - 2 scrolls of vulnerability
 e - 3 scrolls of enchant weapon
 i - a scroll of holy word
 k - a scroll of fear
 p - 2 scrolls of enchant armour
 w - 2 scrolls of immolation
 B - a scroll of blinking
 E - a scroll of brand weapon
 F - a scroll of magic mapping {unknown}
 L - a scroll of fog {unknown}
 Q - 2 scrolls of teleportation {unknown}
Potions
 c - 2 potions of magic
 f - 3 potions of curing
 j - 3 potions of heal wounds {unknown}
 l - 3 potions of flight {unknown}
 m - a potion of resistance {unknown}
 o - a potion of degeneration {unknown}
 s - 4 potions of might {unknown}
 u - a potion of attraction {unknown}
 z - 2 potions of cancellation {unknown}
 C - a potion of lignification {unknown}
 H - a potion of ambrosia {unknown}
 I - a potion of haste {unknown}
 M - a potion of mutation {unknown}
 N - a potion of brilliance {unknown}


   Skills:
 + Level 6.1 Fighting
 - Level 1.5 Dodging
 - Level 2.1 Stealth
 - Level 5.0 Shields
 * Level 7.3 Spellcasting
 * Level 8.1 Conjurations
 - Level 1.0 Transmutations
 * Level 10.0 Earth Magic


You had 8 spell levels left.
You knew the following spells:

 Your Spells              Type           Power      Damage    Failure   Level
a - Sandblast             Erth           94%        2d19      1%          1
b - Stone Arrow           Conj/Erth      86%        3d12      1%          3
c - Lee's Rapid Deconstr  Erth           23%        3d14*     5%          5
d - Petrify               Tmut/Erth      29%        N/A       12%         4
e - Passwall              Tmut/Erth      24%        N/A       1%          2

Your spell library contained the following spells:

 Spells                   Type           Power      Damage    Failure   Level
 Magic Dart               Conj           100%       1d8       1%          1
 Sting                    Tmut/Pois      36%        1d4       10%         1
 Corpse Rot               Necr/Air       14%        N/A       17%         2
 Poisonous Vapours        Pois/Air       14%        N/A       17%         2
 Fulminant Prism          Conj/Hex       11%        3d9       22%         4
 Iskenderun's Mystic Bla  Conj/Tloc      23%        2d6       22%         4
 Borgnjor's Vile Clutch   Necr/Erth      13%        N/A       38%         5
 Freezing Cloud           Conj/Ice/Air   9%         6-21      71%         5
 Olgreb's Toxic Radiance  Pois           7%         N/A       75%         4
 Excruciating Wounds      Necr           3%         N/A       97%         5
 Simulacrum               Ice/Necr       3%         N/A       100%        6
 Haunt                    Necr/Summ      3%         N/A       100%        7
 Polar Vortex             Ice            3%         N/A       100%        9


Dungeon Overview and Level Annotations

Branches:
Dungeon (9/15)             Temple (1/1) D:4             Orc (0/2) D:9
   Lair: D:8-11

Altars:
Ashenzari
Cheibriados
Fedhas
Gozag
Hepliaklqana
Kikubaaqudgha
Makhleb
Okawaru
Ru
Sif Muna
Trog
Uskayaw
Vehumet
Wu Jian
Xom
Yredelemnul
Zin
The Shining One

Shops:
D:1 (   D:2 :   D:5 [   D:7 (

Annotations:
D:4 1 runed translucent door, kaladindcss's ghost, amateur GrFi
D:7 2 transporters


Innate Abilities, Weirdness & Mutations

You are immune to sickness and miasma.
Your stone body is resilient. (AC +7)
You are immune to poison.
You resist negative energy. (rN+)
You are resistant to electric shocks. (rElec)
You are resistant to unholy torment.
You are immune to petrification.


Message History

The killer bee stings you but does no damage.
The killer bee moves out of view.
The killer bee barely misses you.
The killer bee attacks as you move away!
The killer bee stings you.
* * * LOW HITPOINT WARNING * * *
The killer bee closely misses you.
A killer bee comes into view.
There is an escape hatch in the ceiling here.
You block the killer bee's attack. The killer bee barely misses you.
The killer bee stings you but does no damage.
The killer bee stings you.
* * * LOW HITPOINT WARNING * * *
The killer bee closely misses you. A mysterious force pulls you upwards.
The hatch slams shut behind you.
Okay, then.
Blink to where?
Press: ? - help, Dir - move target
As you read the scroll of blinking, it crumbles to dust.
Casting: Lee's Rapid Deconstruction (dangerous; 5% risk of failure)
Confirm with . or Enter, or press ? or * to list all spells.
Aiming: Petrify (dangerous; 12% risk of failure)
Press: ? - help, Shift-Dir - straight line, f - killer bee
Aim: a killer bee (chance to affect: 67%)
Okay, then.
Casting: Petrify (dangerous; 12% risk of failure)
Confirm with . or Enter, or press ? or * to list all spells.
Aiming: Petrify (dangerous; 12% risk of failure)
Press: ? - help, Shift-Dir - straight line, f - killer bee
Aim: a killer bee (chance to affect: 67%)
The killer bee is moving more slowly.
The killer bee stings you but does no damage.
The killer bee barely misses you.
You catch the helpless killer bee completely off-guard!
You hit the killer bee but do no damage.
You block the killer bee's attack. You block the killer bee's attack.
The killer bee stings you.
* * * LOW HITPOINT WARNING * * *
The killer bee stings you.
You die...

####### #.....# #...#.#
###§..#.# #.......#####
####### #...........###
#.....#
#.......###.#.#####.....#
###...#.# #yy...........#
#.....# #.@...###.....#
##.#### ##...## #.....#
#.# ##.## ###.###### #.#
#.# #......# #.# #.#
######.# ##.# ##+## #.#
#..# ##...## #.# #.##
##.....## ####.# ##.##
##.......## ##.##.#


You could see 2 killer bees.

Vanquished Creatures
  6 yaks
  3 wyverns
  3 wargs (D:9)
  A water moccasin (D:7)
  2 black bears
  An orc warrior (D:9)
  3 ice beasts
  3 sky beasts
  2 ogres
  4 centaurs
  A phantom (D:5)
  2 kobold brigands
  2 bullfrogs
  A scorpion (D:4)
  2 necrophages
  4 wights (D:8)
  5 howler monkeys
  3 jellies
  2 hounds
  7 orc priests
  Terence (D:3)
  4 iguanas
  10 orc wizards
  3 gnolls (D:4)
  5 adders
  2 white imps
  2 ufetubi
  A worm zombie (D:8)
  A worm (D:4)
  A dart slug (D:2)
  28 orcs
  4 ball pythons
  8 bats
  6 endoplasms
  4 giant cockroaches
  3 goblins
  8 hobgoblins
  2 frilled lizards (D:1)
  14 kobolds
  A kobold zombie (D:8)
  5 rats
170 creatures vanquished.

Vanquished Creatures (others)
  2 fungi (D:3)
  A plant (D:3)
3 creatures vanquished.

Grand Total: 173 creatures vanquished

Notes
Turn   | Place    | Note
-------+----------+-------------------------------------------
     0 | D:1      | Gwenloh the Gargoyle Earth Elementalist began the quest for
                  | the Orb.
     0 | D:1      | Reached XP level 1. HP: 10/10 MP: 3/3
   120 | D:1      | Reached skill level 1 in Transmutations
   218 | D:1      | Reached XP level 2. HP: 16/16 MP: 1/5
   311 | D:1      | Learned a level 2 spell: Passwall
   406 | D:1      | Found Bidoh's Weapon Boutique.
   426 | D:1      | Bought 17 stones for 23 gold pieces
   644 | D:1      | Reached skill level 1 in Fighting
   917 | D:1      | Reached skill level 4 in Earth Magic
  1498 | D:2      | Reached XP level 3. HP: 13/20 MP: 4/6
  1657 | D:2      | Found Qul Ekhleni's Book Shop.
  2249 | D:2      | Learned a level 3 spell: Stone Arrow
  2265 | D:3      | Noticed Terence
  2280 | D:3      | Killed Terence
  2281 | D:3      | Reached XP level 4. HP: 17/26 MP: 2/8
  2308 | D:3      | Reached skill level 1 in Conjurations
  2314 | D:3      | Reached XP level 5. HP: 23/31 MP: 3/9
  2480 | D:3      | Reached skill level 5 in Earth Magic
  3240 | D:3      | Found a faded altar of an unknown god.
  3363 | D:4      | Found a runed translucent door.
  3366 | D:4      | Noticed kaladindcss's ghost (amateur GrFi)
  3699 | D:4      | Reached XP level 6. HP: 36/36 MP: 10/10
  3972 | D:4      | Found a staircase to the Ecumenical Temple.
  3977 | Temple   | Entered the Ecumenical Temple
  4124 | Temple   | Became a worshipper of Vehumet
  5049 | D:5      | Entered Level 5 of the Dungeon
  5049 | D:5      | Found Zeihe's Armour Emporium.
  5326 | D:4      | Learned a level 4 spell: Petrify
  5334 | D:5      | Reached skill level 1 in Shields
  5334 | D:5      | Reached XP level 7. HP: 37/41 MP: 5/12
  5949 | D:5      | Reached skill level 6 in Earth Magic
  6033 | D:5      | Reached XP level 8. HP: 44/48 MP: 3/14
  6055 | D:5      | Got the Volume of Dark Arts
  6121 | D:5      | Found an ancient bone altar of Kikubaaqudgha.
  6173 | D:5      | Found a hazy altar of Hepliaklqana.
  6353 | D:5      | Noticed a yak
  6353 | D:5      | Noticed a yak
  6353 | D:5      | Noticed a yak
  6357 | D:5      | Noticed a yak
  6358 | D:5      | Noticed a yak
  6370 | D:5      | Killed a yak
  6392 | D:5      | Noticed a yak
  6396 | D:5      | Killed a yak
  6397 | D:5      | Reached skill level 7 in Earth Magic
  6424 | D:4      | Killed a yak
  6425 | D:4      | Reached skill level 5 in Spellcasting
  6425 | D:4      | Reached skill level 5 in Conjurations
  6638 | D:5      | Killed a yak
  6647 | D:4      | Killed a yak
  6648 | D:4      | Reached XP level 9. HP: 39/52 MP: 7/17
  6942 | D:6      | Reached skill level 8 in Earth Magic
  7142 | D:6      | Identified the +2 leather armour of Restlessness {Harm
                  | *Slow rF++ Dex+3}
  7156 | D:6      | Reached skill level 5 in Fighting
  7899 | D:7      | Reached * piety under Vehumet
  7899 | D:7      | Offered knowledge of Foxfire by Vehumet.
  7940 | D:7      | Found a transporter.
  8005 | D:7      | Found an opulent altar of Gozag.
  8108 | D:7      | Noticed a kobold demonologist
  8112 | D:7      | Noticed a kobold demonologist
  8384 | D:7      | Reached skill level 9 in Earth Magic
  8421 | D:7      | Found a transporter.
  8468 | D:7      | Found an ornate altar of the Wu Jian Council.
  8479 | D:7      | Found Wueteut's Weapon Shoppe.
  8549 | D:7      | Reached XP level 10. HP: 59/59 MP: 10/19
  8573 | D:7      | Learned a level 5 spell: Lee's Rapid Deconstruction
  8813 | D:8      | Found a shimmering altar of Xom.
  8900 | D:8      | Reached ** piety under Vehumet
  8900 | D:8      | Offered knowledge of Magic Dart by Vehumet.
  9551 | D:9      | Found a staircase to the Orcish Mines.
  9707 | D:9      | Reached skill level 5 in Shields
  9777 | D:9      | Reached skill level 10 in Earth Magic
  9791 | D:8      | Slain by a killer bee

Illustrated notes

Levels and vault maps discovered:
D:1:      minmay_arrival_doors, layout_basic, serial_forest,
          infiniplex_forest_clump_long, infiniplex_forest_lined_2,
          infiniplex_forest_lined_corner, infiniplex_forest_lined_2,
          infiniplex_forest_lined_4_way, serial_shops, shop,
          chequers_serial_rivers_large_a
D:2:      layout_basic, serial_shops, nicolae_shop_stone,
          hangedman_decor_growths
D:3:      layout_rooms, shapermc_ecumenical_altar_mp_urbaneastern, uniq_terence
D:4:      layout_loops_corners, temple_doors_e, ebering_ghost_sewer_d
D:5:      layout_cave_pools, overflow_temple_1_default,
          mainiacjoe_overflow_24_doors, serial_shops, shop,
          kennysheep_generic_room_9
D:6:      layout_cave_pods
D:7:      gammafunk_wand_slinger, layout_rooms, general_overflow_altar,
          mainiacjoe_overflow_surrounded_room, serial_shops, shop
D:8:      layout_loops_corners, old_standard_altar, enter_ossuary_3
D:9:      layout_cave_pools, chequers_temple_overflow_minitemple,
          erik_lair_orcish_takeover, dk_noncrumbling_4
Temple:   oiseaux_autumnal_temple

Skill      XL: |  1  2  3  4  5  6  7  8  9 10 |
---------------+-------------------------------+-----
Transmutations | 1 |  1.0
Fighting       | 1 2 3 4 5 6 |  6.1
Earth Magic    | 4 5 6 7 9 10 | 10.0
Conjurations   | 1 2 3 4 5 7 8 |  8.1
Spellcasting   | 3 4 5 6 7 |  7.3
Shields        | 1 2 3 4 5 |  5.0
Dodging        | |  1.5
Stealth        | |  2.1

Action                   |  1- 3 |  4- 6 |  7- 9 | 10-12 || total
-------------------------+-------+-------+-------+-------++-------
Melee: Unarmed           |     7 |       |       |       ||     7
       Dagger            |    31 |       |       |       ||    31
       Whip              |    43 |   141 |    14 |     1 ||   199
       Punch             |       |     2 |       |       ||     2
Throw: Dart              |       |       |     9 |     2 ||    11
 Cast: Sandblast         |    18 |    19 |    14 |     8 ||    59
       Stone Arrow       |       |    14 |   106 |    37 ||   157
       Lee's Rapid Decon |       |       |       |    15 ||    15
       Petrify           |       |       |       |     3 ||     3
Evoke: Wand              |     8 |    14 |     2 |       ||    24
  Use: Scroll            |       |       |     4 |     5 ||     9
       Potion            |       |       |     1 |     1 ||     2
 Stab: Sleeping          |     2 |     1 |       |       ||     3
       Petrifying        |       |       |       |     1 ||     1
Armor: Robe              |    30 |    48 |    26 |     9 ||   113
Dodge: Dodged            |    49 |   115 |    41 |    10 ||   215
Block: Buckler           |       |     6 |    13 |     8 ||    27

Table legend: (Time is in decaauts)
 A = Elapsed time spent in this place.
 B = Non-inter-level travel time spent in this place.
 C = Inter-level travel time spent in this place.
 D = Time resting spent in this place.
 E = Time spent auto-exploring this place.
 F = Levels seen in this place.
 G = Mean time per level.
                   A        B        C        D        E       F      G
               +--------+--------+--------+--------+--------+-----+--------+
         Total |   9839 |   9476 |    363 |    807 |   7184 |  10 |  983.9 |
       Dungeon |   9576 |   9244 |    332 |    807 |   6973 |   9 | 1064.0 |
        Temple |    263 |    233 |     30 |      0 |    211 |   1 |  263.0 |
               +--------+--------+--------+--------+--------+-----+--------+

Top non-repeatable levels by time:
     D:4: 2402 daAuts
     D:1: 1409 daAuts
     D:3: 1217 daAuts
     D:8: 967 daAuts
     D:6: 929 daAuts
     D:5: 874 daAuts
     D:2: 854 daAuts
     D:7: 677 daAuts
  Temple: 263 daAuts
     D:9: 242 daAuts
